 Dungeon Crawl Stone Soup version 0.28-a0-1518-gbe868bca14 (console) character file.

Game seed: 3586507409693602876

44 petzl the Vexing (level 3, -2/27 HPs)
             Began as a Formicid Arcane Marksman on Jan 16, 2022.
             Slain by a yak (7 damage)
             ... on level 9 of the Dungeon.
             The game lasted 00:06:30 (2241 turns).

petzl the Vexing (Formicid Arcane Marksman)         Turns: 2241, Time: 00:06:31

Health: -2/27      AC:  5    Str: 14    XL:     3   Next: 85%
Magic:  14/14      EV: 10    Int: 14    God:
Gold:   99         SH:  0    Dex: 11    Spells: 3/4 levels left

rFire   . . .      SeeInvis +   a - +5 dagger (holy) {!f =f}
rCold   . . .      Faith    .   (no shield)
rNeg    . . .      Spirit   .   m - +0 ring mail
rPois   .          Reflect  .   (helmet unavailable)
rElec   .          Harm     .   (no cloak)
rCorr   .          Rampage  .   (no gloves)
Will    .....                   (no boots)
Stlth   +.........              (no amulet)
HPRegen 0.09/turn               k - ring of magical power
MPRegen 0.14/turn               (no ring)

@: no status effects
A: permanent stasis, dig shafts and tunnels, antennae 3, four strong arms
a: Dig, Shaft Self


You were on level 9 of the Dungeon.
You visited 1 branch of the dungeon, and saw 7 of its levels.

You collected 99 gold pieces.

Inventory:

Hand Weapons
 a - a +5 dagger of holy wrath (weapon) {!f =f}
 b - a +0 hand crossbow
Missiles
 c - 10 bolts
Armour
 m - a +0 ring mail (worn)
Jewellery
 d - an amulet of regeneration
 e - a ring of fire
 k - a ring of magical power (left hand)
Scrolls
 f - 2 scrolls of blinking {unknown}
 h - 3 scrolls of fear {unknown}
 i - a scroll of noise {unknown}
 j - a scroll of fog {unknown}
 l - a scroll of identify {unknown}
Potions
 g - 2 potions of haste {unknown}


   Skills:
 + Level 1.7 Fighting
 + Level 0.1 Short Blades
 + Level 2.2 Crossbows
 + Level 1.0 Armour
 + Level 2.0 Dodging
 * Level 2.4 Stealth
 + Level 1.4 Spellcasting
 - Level 3.6 Hexes


You had 3 spell levels left.
You knew the following spells:

 Your Spells              Type           Power      Damage    Failure   Level
a - Slow                  Hex            44%        N/A       12%         1

Your spell library contained the following spells:

 Spells                   Type           Power      Damage    Failure   Level
 Inner Flame              Hex/Fire       6%         N/A       58%         3
 Portal Projectile        Hex/Tloc       12%        N/A       58%         3
 Corpse Rot               Necr/Air       0%         N/A       61%         2
 Poisonous Vapours        Pois/Air       0%         N/A       61%         2
 Cause Fear               Hex            5%         N/A       75%         4


Dungeon Overview and Level Annotations

Branches:
Dungeon (5/15)
 Temple: D:4-7

Altars:
Cheibriados

Shops:
D:5 *

Annotations:
D:2 Grinder


Innate Abilities, Weirdness & Mutations

You cannot be hasted, slowed, berserked, paralysed or teleported.
You can dig through walls and to a lower floor.
You have a pair of large antennae on your head. (SInv)
Your four strong arms can wield two-handed weapons with a shield.


Message History

The jelly quivers.
The goblin shouts!
Found 25 gold pieces, a hunting sling and a scroll labelled LULEUXK ERADE.
Found an escape hatch in the floor.
There is a stone staircase leading down here.
A hound skeleton comes into view.
A quokka comes into view.
Found 15 gold pieces and a pair of gloves.
There is an escape hatch in the floor here.
The hound skeleton bites you but does no damage.
You slide downwards.
The hatch slams shut behind you.
The orc priest shouts!
The orc wizard shouts!
The orc shouts! x2; The orc priest shouts!
The orc wizard mumbles some strange words.
The orc wizard flickers and vanishes for a moment.
Found 2 poisoned darts.
Are you sure you want to shaft yourself?
The adder hisses angrily.
The orc hits you with a +0 whip.
* * * LOW HITPOINT WARNING * * *
The phantom hits you.
* * * LOW HITPOINT WARNING * * *
You begin to dig a shaft.
You continue digging a shaft.
The orc hits you but does no damage. The phantom barely misses you.
A shaft appears beneath you!
You fall into a shaft and drop 2 floors!
The shaft crumbles and collapses.
The orc shouts!
The orc priest shouts!
The orc shouts! x2; You hear a shout!
The orc shouts!
Found 7 gold pieces, 8 bolts and a glowing scimitar.
Are you sure you want to shaft yourself?
The orc priest shouts!
You hear a shout!
You begin to dig a shaft.
You continue digging a shaft.
The orc priest casts a cantrip, but nothing happens.
A shaft appears beneath you!
You fall into a shaft and drop 2 floors!
The shaft crumbles and collapses.
The yak bellows! x2; The steam dragon hisses angrily.
Are you sure you want to shaft yourself?
You begin to dig a shaft.
You continue digging a shaft.
The yak gores you!
You die...

######......
..........
........
#YY.... #.....#
#.....####
...##.YD.....#
.......@.....#
...............
##.....########
#.###. .. #. .
#. #. #.


You could see 3 yaks and a steam dragon.

Vanquished Creatures
  5 ball pythons
  6 endoplasms
  4 giant cockroaches
  6 goblins
  3 hobgoblins
  2 kobolds
  2 quokkas
  4 bats
  3 frilled lizards
  A rat (D:1)
36 creatures vanquished.

Notes
Turn   | Place    | Note
-------+----------+-------------------------------------------
     0 | D:1      | petzl the Formicid Arcane Marksman began the quest for the
                  | Orb.
     0 | D:1      | Reached XP level 1. HP: 15/15 MP: 2/2
    67 | D:1      | Reached XP level 2. HP: 21/21 MP: 3/3
    72 | D:1      | Reached skill level 1 in Stealth
   317 | D:1      | Reached XP level 3. HP: 26/26 MP: 5/5
   534 | D:2      | Found a faded altar of an unknown god.
  1177 | D:2      | Reached skill level 1 in Armour
  1628 | D:3      | Found a snail-covered altar of Cheibriados.
  1639 | D:3      | Noticed Grinder
  1801 | D:4      | You fall into a shaft and drop 1 floor!
  1801 | D:5      | Entered Level 5 of the Dungeon
  1801 | D:5      | Noticed a scorpion
  2081 | D:2      | You fall into a shaft and drop 1 floor!
  2220 | D:3      | You fall into a shaft and drop 2 floors!
  2222 | D:5      | Found Dunwel's Assorted Antiques.
  2233 | D:5      | Noticed a phantom
  2234 | D:5      | Noticed a phantom
  2236 | D:5      | You fall into a shaft and drop 2 floors!
  2239 | D:7      | You fall into a shaft and drop 2 floors!
  2239 | D:9      | Noticed a yak
  2239 | D:9      | Noticed a yak
  2239 | D:9      | Noticed a yak
  2239 | D:9      | Noticed a steam dragon
  2241 | D:9      | Slain by a yak

Illustrated notes

Levels and vault maps discovered:
D:1:      dpeg_arrival_arbitrary_c, layout_rooms
D:2:      layout_loops_cross, chequers_ecumenical_altar_island,
          kennysheep_generic_room_7
D:3:      layout_loops_corners, xom_confusion_cloud, slow_altar_1,
          mainiacjoe_overflow_24_doors, serial_aquarium,
          aquarium_bridge_long_joined [aquarium_subvault_window,
          aquarium_subvault_wall, aquarium_subvault_window,
          aquarium_subvault_wall, aquarium_subvault_wall,
          aquarium_subvault_bridge], aquarium_window_1,
          aquarium_window_corridor_2, aquarium_view_2b, aquarium_view_2b,
          aquarium_balcony_double_1, aquarium_pool_S, kennysheep_nub,
          uniq_grinder
D:4:      layout_basic, vehumet_crystals, gammafunk_ghost_arena
D:5:      layout_loops_ring, nicolae_ru_great_annihilating_truth,
          tso_metal_star, serial_shops, nicolae_shop_crystal,
          nicolae_shop_waterfront, shop, shop, nicolae_shop_hallway_plus,
          grunt_decor_arrowhead
D:7:      layout_basic, nicolae_elyvilon_peaceful_grove,
          gammafunk_ghost_necromancy
D:9:      layout_basic, zin_purify, mainiacjoe_overflow_cross_hatched,
          gammafunk_ghost_arena, minmay_misc_feat_ornament, uniq_prince_ribbit1

Skill      XL: |  1  2  3 |
---------------+----------+-----
Stealth        | 1 2 |  2.4
Dodging        | 2 |  2.0
Armour         | 1 |  1.0
Fighting       | |  1.7
Short Blades   | |  0.1
Crossbows      | |  2.2
Spellcasting   | |  1.4
Hexes          | |  3.6

Action                   || total
-------------------------++-------
Melee: Dagger            ||    40
 Fire: Hand crossbow     ||    34
 Cast: Slow              ||     5
 Abil: Shaft Self        ||     6
 Stab: Sleeping          ||     2
       Distracted        ||     1
Armor: Robe              ||     7
       Ring mail         ||     7
Dodge: Dodged            ||    23

Table legend: (Time is in decaauts)
 A = Elapsed time spent in this place.
 B = Non-inter-level travel time spent in this place.
 C = Inter-level travel time spent in this place.
 D = Time resting spent in this place.
 E = Time spent auto-exploring this place.
 F = Levels seen in this place.
 G = Mean time per level.
                   A        B        C        D        E       F      G
               +--------+--------+--------+--------+--------+-----+--------+
         Total |   2260 |   2096 |    164 |    426 |   1183 |   7 |  322.9 |
       Dungeon |   2260 |   2096 |    164 |    426 |   1183 |   7 |  322.9 |
               +--------+--------+--------+--------+--------+-----+--------+

Top non-repeatable levels by time:
     D:2: 1099 daAuts
     D:1: 480 daAuts
     D:3: 374 daAuts
     D:5: 256 daAuts
     D:4: 45 daAuts
     D:7: 2 daAuts
     D:9: 1 daAuts
